[Event "USA Championship 2022"]
[Site "Saint Louis"]
[Date "2022.10.18"]
[Round "12.4"]
[White "Lenderman, Aleksandr"]
[Black "So, Wesley"]
[Result "0-1"]
[ECO "E04"]
[WhiteElo "2535"]
[BlackElo "2774"]
[Annotator "TA"]
[PlyCount "80"]
[EventDate "2022.09.05"]
[EventType "tourn"]
[EventCountry "USA"]
[SourceTitle "playchess.com"]
[Source "ChessBase"]
[SourceQuality "1"]
[TimeControl "40/5400+30:1800+30"]

1. d4 d5 2. Nf3 Nf6 3. c4 e6 4. g3 dxc4 5. Bg2 c5 6. O-O Nc6 7. Ne5 Bd7 8. Nd2 cxd4 9. Ndxc4 Be7 $1 {[%emt 0:04:44][%mdl 4] is recently more successful than 9...Bc5.} 10. Qb3 {[%emt 0:00:22] E04: Open Catalan: 5 Nf3.} Qc7 11. Nxc6 Bxc6 ({But not} 11... bxc6 12. Bf4 Qd8 13. Rfd1 $16) 12. Bf4 {[%emt 0:00:08] The position is equal.} Qd8 13. Bxc6+ bxc6 14. Ne5 c5 15. Qa4+ Kf8 16. e3 Qe8 {[%emt 0:01:41] [#]} 17. Qa6 $146 ({Predecessor:} 17. Qxe8+ Kxe8 18. exd4 cxd4 19. Rfd1 Bc5 20. Rac1 Bb6 21. Nc6 Nd5 22. Be5 Kd7 23. Bxg7 Rhc8 24. Ne5+ {½-½ (24) Murden,C (2436)-Cuadrado Wentwort Hyde,G (2447) ICCF email 2016}) 17... Nd5 {[%emt 0:09:15] [#] Hoping for ...g5.} 18. exd4 cxd4 19. Rac1 g5 20. Bd2 {[%emt 0:00:57] f4 is the strong threat.} Kg7 21. Qd3 Rc8 22. Qxd4 Rxc1 23. Bxc1 ({White should play} 23. Rxc1 $14 Bf6 24. Re1) 23... Bf6 $11 24. Re1 Qe7 25. h4 {[%emt 0:04:42] [#] Threatens to win with hxg5.} h6 (25... gxh4 $2 26. Qg4+ Bg5 27. Bxg5 $18) 26. hxg5 hxg5 27. Bd2 Qb7 {[%emt 0:05:10][%cal Od5e3] White must now prevent ...Ne3!} 28. Re4 {[%emt 0:05:22] Against Ne3} (28. Qe4 $11) 28... Ne7 (28... Rh5 $15) 29. Bc3 Ng6 30. f3 Rc8 (30... Bxe5 $2 31. Rxe5 f6 32. Rxe6 Qxf3 33. Qxf6+ Qxf6 34. Rxf6 $18) 31. f4 gxf4 32. gxf4 Bxe5 33. fxe5 Rh8 34. Qe3 (34. Qd3 $11) 34... Rh5 $36 {[%emt 0:00:26][%mdl 2048] White is under pressure.} 35. a4 Qd5 (35... a5 $17) 36. Qd4 $1 $11 Qa8 {[%emt 0:01:33] With the idea ...Qh8.} (36... Qb3 $5 37. Qd2 Qb6+ 38. Qd4 Qc6 $17) 37. Qe3 (37. Kf2 $11 {remains equal.}) 37... Qh8 {[%emt 0:00:34] ( -> ...Rh1+)} 38. Kf1 $2 (38. Qf3 $15) 38... Rh1+ $19 {[%emt 0:02:08] Black is clearly winning.} 39. Ke2 Qh5+ 40. Kd3 Rh3 {[%emt 0:00:10] Weighted Error Value: White=0.32/Black=0.12 (very precise)} 0-1

[Event "USA Championship 2022"]
[Site "Saint Louis"]
[Date "2022.10.18"]
[Round "12.5"]
[White "Aronian, Levon"]
[Black "Moradiabadi, Elshan"]
[Result "1-0"]
[ECO "B12"]
[WhiteElo "2755"]
[BlackElo "2534"]
[Annotator "TA"]
[PlyCount "83"]
[EventDate "2022.09.05"]
[EventType "tourn"]
[EventCountry "USA"]
[SourceTitle "playchess.com"]
[Source "ChessBase"]
[SourceQuality "1"]
[TimeControl "40/5400+30:1800+30"]

1. e4 c6 2. d4 d5 3. e5 Bf5 4. Nf3 e6 5. Be2 Ne7 6. Nbd2 {[%emt 0:02:57][%cal Bb1d2,Bd2f1,Bf1g3][%mdl 32] B12: Caro-Kann: Advance Variation.} h6 7. O-O Nd7 8. c3 {[%emt 0:06:40] White has an edge.} Qc7 9. Re1 g5 10. Nf1 Bg6 11. Ng3 {[%emt 0:02:48] [#]} c5 $146 ({Predecessor:} 11... Nf5 12. Bd3 Nxg3 13. Bxg6 fxg6 14. fxg3 Nb6 15. b3 Qg7 16. Rf1 Be7 17. Ne1 Rf8 {½-½ (44) Pranav,V (2314)-Rozum,I (2589) Mumbai 2019}) 12. h3 cxd4 13. cxd4 Qc2 {[%emt 0:00:11] Inhibits Bd3.} 14. Qxc2 Bxc2 15. Bd2 Nc6 16. Bb5 Bg6 17. Rac1 Rc8 18. Re3 Be7 19. Rb3 Nb6 20. a4 $1 O-O 21. Bxc6 bxc6 22. a5 $1 Nc4 {[%emt 0:00:40] And now ...Rb8 would win.} 23. Rb7 Rfe8 24. Rxa7 (24. Bc3 $1 $14) 24... Ra8 25. Rxa8 Rxa8 26. Bc3 Kf8 ({Black should play} 26... Rb8 $11) 27. Nd2 Ke8 {[%emt 0:01:03] Black is now going downhill.} (27... Nxd2 $1 $11 {remains equal.} 28. Bxd2 Rb8) 28. Nxc4 $16 dxc4 29. Nf1 c5 30. Ra1 cxd4 31. Bxd4 Bd3 32. Ne3 Bd8 {[%emt 0:05:40] [#]} 33. Bc3 $1 Bb6 (33... h5 $16 34. g3 Rc8) 34. Ng4 $18 h5 35. Nf6+ Kd8 36. Rd1 Bc5 37. b3 (37. b4 Be7 38. Nxh5 (38. b5 Kc7 $16) 38... Rb8) (37. Nxh5 $18 Kc7 38. g4) 37... Kc8 {[%emt 0:00:24] [#]} (37... Kc7 $16 {might work better.} 38. bxc4 (38. Nxh5 Be2 $17) 38... Bg6) 38. bxc4 $1 (38. Nxh5 Be2 39. Re1 Bxh5 $17) 38... Bxc4 39. Bd2 {[%emt 0:07:42] Strongly threatening Rc1.} (39. Nxh5 $6 Be2 40. Rc1 Kb7) 39... Ba3 {[%emt 0:00:35] Against Rc1} 40. Rb1 ({Don't take} 40. Nxh5 $6 Be2 41. Ra1 Bb2) (40. Bxg5 $6 Rxa5 41. Ra1 Be2 $16) 40... h4 41. Ne4 ({But not} 41. Bxg5 Rxa5 42. Ra1 (42. Bxh4 Rxe5 43. Rb8+ Kc7 $16) 42... Be2 43. Bxh4 Bb4 44. Rxa5 Bxa5) 41... Bd3 42. Rb3 {[%emt 0:00:52] Weighted Error Value: White=0.07 (flawless) /Black=0.17 (very precise)} 1-0

[Event "USA Championship 2022"]
[Site "Saint Louis"]
[Date "2022.10.18"]
[Round "12.6"]
[White "Xiong, Jeffery"]
[Black "Dominguez Perez, Leinier"]
[Result "1/2-1/2"]
[ECO "D20"]
[WhiteElo "2690"]
[BlackElo "2747"]
[Annotator "TA"]
[PlyCount "76"]
[EventDate "2022.09.05"]
[EventType "tourn"]
[EventCountry "USA"]
[SourceTitle "playchess.com"]
[Source "ChessBase"]
[SourceQuality "1"]
[TimeControl "40/5400+30:1800+30"]

1. d4 d5 2. c4 dxc4 3. e4 (3. Nf3 Nf6 4. e3 e6 5. Bxc4 a6 6. O-O c5 7. dxc5 Bxc5 8. Qxd8+ Kxd8 9. Be2 Ke7 10. Nc3 b5 11. Nd2 Bb7 12. Nb3 Nbd7 13. Nxc5 Nxc5 14. b4 Nce4 15. Nxe4 Nxe4 16. Bb2 Rac8 17. Rfc1 Rhd8 18. Kf1 {½-½ (30) Xiong,J (2691)-Dominguez Perez,L (2754) chess24.com INT 2022}) 3... b5 4. a4 c6 5. axb5 cxb5 6. Nc3 {[%emt 0:00:15] D20: Queen's Gambit Accepted: 3 e3 and 3 e4.} Qb6 {[%emt 0:00:06] The modern move.} 7. b3 e6 $1 8. bxc4 {[%emt 0:00:21] [#] And now c5 would win. White is slightly better.} Bb4 9. Bd2 bxc4 10. Bxc4 Ne7 11. Nge2 O-O {[%emt 0:01:31] [#]} 12. Na4 $146 ({Predecessor:} 12. O-O a5 13. Be3 Qc7 14. Bd3 Ba6 15. Rc1 Qb7 16. d5 exd5 17. exd5 Rd8 18. Be4 Bxc3 19. Rxc3 {1-0 (36) Martirosyan,H (2656)-Aronian,L (2767) Riga 2021}) 12... Bxd2+ 13. Qxd2 Qc6 14. Bd3 Ba6 15. O-O Bxd3 16. Qxd3 a5 17. Rfc1 Qd6 18. Nb2 Nbc6 19. Nc4 Qb8 20. Rcb1 Qc7 21. h3 Rfd8 {[%emt 0:02:39] The position is equal.} 22. Qc3 h6 (22... Rac8 $5 ) 23. Rb5 Rac8 24. Ra4 Qd7 25. Nb6 ({Don't go for} 25. Qa3 $2 Nb4 26. Raxa5 (26. Rbxa5 $2 Rxc4 27. Rxb4 Rxb4 $19) 26... Rxc4 $19) 25... Nxd4 26. Nxd4 Rxc3 27. Nxd7 Rxd7 28. Rbxa5 Nc6 29. Ra8+ Kh7 30. Nxc6 Rxc6 31. R4a7 Rxa7 32. Rxa7 $11 {[%emt 0:00:02][%mdl 4096] Endgame KR-KR} f6 33. f3 e5 34. h4 h5 35. Rb7 Rc2 36. Ra7 Rc6 37. Rb7 Rc2 38. Ra7 Rc6 {[%emt 0:00:24] Weighted Error Value: White=0.05 (flawless) /Black=0.02 (flawless)} 1/2-1/2

[Event "USA Championship 2022"]
[Site "Saint Louis"]
[Date "2022.10.18"]
[Round "12.7"]
[White "Liang, Awonder"]
[Black "Swiercz, Dariusz"]
[Result "1-0"]
[ECO "D10"]
[WhiteElo "2608"]
[BlackElo "2652"]
[Annotator "TA"]
[PlyCount "209"]
[EventDate "2022.09.05"]
[EventType "tourn"]
[EventCountry "USA"]
[SourceTitle "playchess.com"]
[Source "ChessBase"]
[SourceQuality "1"]
[TimeControl "40/5400+30:1800+30"]

1. d4 Nf6 2. c4 c6 3. Nc3 d5 4. cxd5 cxd5 5. Bf4 Nc6 6. e3 Bf5 7. Qb3 Na5 8. Qa4+ Bd7 9. Qc2 e6 10. Nf3 Rc8 11. Bd3 Bb4 12. O-O a6 13. Rac1 Bxc3 14. bxc3 Bb5 15. Bxb5+ axb5 16. Qb1 Qb6 17. Be5 Nc4 18. Bxf6 gxf6 19. e4 dxe4 20. Qxe4 Qc6 21. Qf4 (21. d5 $5 Qxd5 22. Qxd5 $14) 21... Ke7 22. Rfe1 Qd5 23. g3 h5 24. Nh4 Nd6 25. Ng2 Ra8 26. Ne3 Qe4 27. Qxe4 Nxe4 28. f3 Ng5 29. Re2 Nxf3+ 30. Kg2 Ng5 31. Nd5+ Kf8 32. Nxf6 Kg7 33. Rf1 Rh6 34. Ref2 h4 35. gxh4 Rxh4 36. Kh1 Rh6 37. Nd7 f5 38. Rg2 Rh5 39. d5 Kf7 40. Nc5 b6 41. Nd3 Kf6 42. Nf4 Rh7 (42... Rh4 $1 $11 {was preferrable.}) 43. dxe6 $14 Rd8 44. e7 Rxe7 45. Nh5+ Kg6 46. Rfg1 Kxh5 47. Rxg5+ Kh4 48. Rxf5 Rd2 49. Rf8 Re5 50. Rh8+ Rh5 51. Rxh5+ Kxh5 52. Rb1 Rd5 53. Kg2 Kg4 54. Kf2 Rc5 $1 55. Rb3 Kf5 (55... Re5 $1 $14) 56. Ke3 $16 Ke6 57. h4 Rc4 58. Kd3 (58. Rxb5 $16 Rxc3+ 59. Kf4) 58... Rxh4 $11 59. Rxb5 Kd6 (59... Ra4 $1 $11) 60. Rxb6+ $16 Kc5 61. Ra6 $1 Rh3+ 62. Kc2 $1 Kc4 63. Ra4+ Kb5 64. Rg4 Rh1 65. Kb3 Rb1+ 66. Ka3 $1 Kc5 67. Rb4 Rc1 68. Kb2 Rh1 69. a4 Kc6 70. Rb3 Kc5 (70... Rh2+ $16 {was worth a try.} 71. Ka3 Rh1) 71. Rb5+ (71. a5 $18) 71... Kc6 $16 72. Rb4 Rg1 73. Rb5 Rh1 $1 74. Rg5 Kb6 75. Kb3 $1 Rb1+ 76. Kc4 Rc1 77. Rg6+ Ka5 78. Rg8 Rh1 79. Ra8+ Kb6 80. Rb8+ Ka5 81. Rb4 Rh4+ 82. Kb3 Rh1 83. Rb5+ Ka6 84. c4 Rb1+ 85. Kc3 $1 Rc1+ 86. Kb4 Rb1+ 87. Kc5 Ra1 88. Rb6+ Ka7 89. Rb4 $1 Rh1 90. Kb5 Kb7 91. a5 Rc1 92. a6+ Ka7 93. c5 Rh1 94. Rd4 Rb1+ 95. Kc6 Rh1 96. Rd8 Rh2 97. Re8 Rc2 $2 {[%emt 0:00:59] [#]} (97... Rh1 $18 98. Re3 Rh2) 98. Kd6 $1 Rd2+ 99. Kc7 Rh2 {[%emt 0:00:37] [#]} 100. c6 $1 Rh7+ 101. Kd6 Rh6+ 102. Kd7 $2 (102. Re6 {mates} Rh8 103. c7 Kxa6 104. Kc6 Ka5 105. Re2 Kb4 106. Rc2 Ka5 107. Kb7) 102... Rh7+ $2 (102... Kxa6 $11 103. c7 Rh7+ 104. Re7 Rh8 105. c8=Q+ Rxc8 106. Kxc8 Kb6 107. Rc7 Kb5) 103. Re7 Rh1 104. c7 Rd1+ 105. Ke8 1-0

[Event "USA Championship 2022"]
[Site "Saint Louis"]
[Date "2022.10.19"]
[Round "13.1"]
[White "Robson, Ray"]
[Black "Xiong, Jeffery"]
[Result "1/2-1/2"]
[ECO "D27"]
[WhiteElo "2690"]
[BlackElo "2690"]
[Annotator "TA"]
[PlyCount "144"]
[EventDate "2022.09.05"]
[EventType "tourn"]
[EventCountry "USA"]
[SourceTitle "playchess.com"]
[Source "ChessBase"]
[SourceQuality "1"]
[TimeControl "40/5400+30:1800+30"]

1. d4 d5 2. c4 dxc4 3. Nf3 Nf6 4. e3 e6 5. Bxc4 c5 6. O-O a6 7. b3 cxd4 8. Nxd4 Be7 9. Bb2 O-O {[%emt 0:00:12] D27: Queen's Gambit Accepted: Classical main line: 7 e4!? and 7 a4.} 10. Be2 Bd7 {[%emt 0:01:40] 10...b5 is the hot move.} 11. Nd2 Nc6 12. N4f3 b5 13. Rc1 Rc8 14. a3 Qb6 (14... Nd5 {is interesting.} 15. Bd3 Qb6 16. Qe2 Rfd8) 15. Bd3 Rfd8 16. Qe2 {[%emt 0:01:01] [#]} Be8 $146 ({Predecessor:} 16... Nd5 17. Rfd1 Bf6 18. Bxf6 Nxf6 19. Ne4 Nxe4 20. Bxe4 Ne7 21. Rxc8 Bxc8 22. b4 Rxd1+ 23. Qxd1 h6 24. h3 {½-½ (24) Repp,H (2500)-Vinchev,S (2507) GER email 2017}) 17. h3 Nd7 18. b4 e5 19. Bf5 f6 $1 20. Ne4 Ncb8 21. Nc3 Bf7 {[%emt 0:00:28] Against Nd5} 22. Rfd1 g6 23. Be4 Qa7 24. Nd5 Nb6 $1 25. Rc7 Rxc7 26. Nxe7+ {[%emt 0:00:06][%mdl 64] Discovered Attack, Remove Defender} Rxe7 27. Rxd8+ Kg7 {[%emt 0:00:26] Hoping for ...N8d7.} 28. Rd1 Qc7 29. g4 h6 30. Rc1 Qd6 31. Rd1 Qc7 32. Rc1 Qd6 33. Qc2 Nc4 34. Rd1 Qc7 {[%emt 0:08:11] [#]} (34... Qb6 $1 $11 {remains equal.}) 35. Nh4 $1 $16 Nxb2 36. Qxb2 Rd7 37. Rc1 Qd8 38. Qb1 $2 {[%emt 0:01:43] White is more active.} (38. Qa1 $16 {and life is bright.}) 38... f5 $1 $17 39. Bxf5 Qxh4 ({Much worse is} 39... gxf5 $6 40. Nxf5+ Kh7 41. Nh4+ Kh8 42. Qf5 $11) 40. Bxd7 Nxd7 41. Kg2 h5 {[%emt 0:02:31] aiming for ...Nf6.} 42. f3 {[%emt 0:07:26] [#]} ({White should play} 42. Qe4 $1 $15) 42... Nb6 $1 $36 {[%emt 0:11:51][%mdl 2048] Black is really pushing.} 43. Qe4 Nc4 44. Rd1 {[%emt 0:00:45] Inhibits Bd5.} Kh6 45. Qd3 Qg5 46. Re1 Be6 47. Kg3 Kg7 48. Re2 Qe7 49. Re1 Qc7 (49... h4+ $142 50. Kf2 Bf7) 50. Kg2 (50. f4 $142) 50... h4 51. Rd1 e4 (51... a5 $142 52. Rc1 Qa7) 52. Qc3+ Qe5 53. Qxe5+ Nxe5 54. fxe4 Nc4 55. Rd8 ({Better is} 55. Kf3) 55... Nxa3 56. Ra8 Kf6 (56... Nc2 $17 57. Rxa6 Bc4) 57. Rxa6 $11 {[%emt 0:00:14] The position is equal.} Nc4 58. Rc6 g5 59. Kf2 Ne5 60. Rb6 Nd3+ 61. Kf3 Nxb4 62. e5+ Ke7 63. Rxb5 Nd3 64. Ra5 Kf7 65. Ra7+ Kf8 66. Ra8+ Kf7 {[%emt 0:00:01] Threatens to win with ...Bd5+.} 67. Ra7+ Kf8 68. Ra8+ Ke7 {[%emt 0:01:11] White must now prevent ...Bd5+.} 69. Ra7+ Ke8 70. Ra8+ Ke7 {[%emt 0:00:02] Strongly threatening ...Bd5+.} 71. Ra7+ Ke8 72. Ra8+ Ke7 {[%emt 0:01:10] Black had all chances to win.  Weighted Error Value: White=0.15 (very precise) /Black=0.11 (very precise)} 1/2-1/2

[Event "USA Championship 2022"]
[Site "Saint Louis"]
[Date "2022.10.19"]
[Round "13.2"]
[White "Caruana, Fabiano"]
[Black "Aronian, Levon"]
[Result "1/2-1/2"]
[ECO "C67"]
[WhiteElo "2763"]
[BlackElo "2755"]
[Annotator "TA"]
[PlyCount "67"]
[EventDate "2022.09.05"]
[EventType "tourn"]
[EventCountry "USA"]
[SourceTitle "playchess.com"]
[Source "ChessBase"]
[SourceQuality "1"]
[TimeControl "40/5400+30:1800+30"]

1. e4 e5 2. Nf3 Nc6 3. Bb5 Nf6 4. O-O Nxe4 5. Re1 Nd6 6. Nxe5 Be7 7. Bf1 Nxe5 8. Rxe5 O-O 9. d4 (9. Nc3 Ne8 10. Nd5 Bd6 11. Re1 c6 12. Ne3 Be7 13. Nf5 Bf6 14. Qe2 Nc7 15. Nd6 Ne6 16. c3 Qc7 17. Nxc8 Raxc8 18. d4 d5 19. Qg4 Rce8 20. Bd2 g6 21. a4 a5 22. Bd3 h5 23. Qg3 Qxg3 24. hxg3 b6 25. Rab1 Kg7 26. b4 axb4 27. Rxb4 Bd8 28. Be3 Bc7 29. Rc1 Ra8 30. Bc2 Ra5 31. c4 c5 32. dxc5 bxc5 33. Rbb1 dxc4 34. Bd1 Rd8 35. Rxc4 Be5 36. Bf3 Bd4 37. Bc1 Rd6 38. Kf1 Raa6 {Caruana,F (2776)-Aronian,L (2775) Saint Louis 2022 ½-½ (69)}) 9... Bf6 10. Re1 Re8 {[%emt 0:00:07] C67: Ruy Lopez: Berlin Defence: 4 0-0 Nxe4.} 11. c3 Rxe1 12. Qxe1 Ne8 {[%emt 0:00:05][%cal Bd6e8,Be8g7,Bg7f5][%mdl 32] White has an edge.} 13. Bf4 {[%emt 0:00:06] The position is equal.} d5 14. Bd3 g6 15. Nd2 Ng7 16. Qe2 c6 17. Re1 Bf5 18. Bxf5 Nxf5 19. Nf3 Ng7 20. Be5 Ne6 21. Bxf6 Qxf6 22. Ne5 Re8 23. Ng4 Qd8 24. Qe5 {[%emt 0:00:11] aiming for Nf6+.} Ng7 25. Qxe8+ ({Don't go for} 25. Nh6+ $2 Kf8 26. Nxf7 Rxe5 $19) 25... Nxe8 26. Rxe8+ {[%emt 0:00:03][%mdl 64] [#] Remove Defender} Qxe8 27. Nf6+ Kf8 28. Nxe8 Kxe8 $11 {[%emt 0:00:05][%mdl 4096] Endgame KP-KP} 29. f4 f5 30. Kf2 {[%emt 0:00:05] [#]} Kf7 $5 $146 {[%emt 0:00:16][%mdl 8] New and interesting.} ({Predecessor:} 30... a5 31. a4 Ke7 {½-½ (31) Ding,L (2799)-Ma,Q (2645) Hangzhou 2022}) 31. Kg1 Ke8 32. Kf2 Kf7 33. Kg1 Ke8 34. Kf2 {An interesting draw.  Weighted Error Value: White=0.02 (flawless) /Black=0.01 (flawless)} 1/2-1/2

[Event "USA Championship 2022"]
[Site "Saint Louis"]
[Date "2022.10.19"]
[Round "13.3"]
[White "Swiercz, Dariusz"]
[Black "Yoo, Christopher Woojin"]
[Result "0-1"]
[ECO "C78"]
[WhiteElo "2652"]
[BlackElo "2563"]
[Annotator "TA"]
[PlyCount "66"]
[EventDate "2022.09.05"]
[EventType "tourn"]
[EventCountry "USA"]
[SourceTitle "playchess.com"]
[Source "ChessBase"]
[SourceQuality "1"]
[TimeControl "40/5400+30:1800+30"]

1. e4 e5 2. Nf3 Nc6 3. Bb5 a6 4. Ba4 Nf6 5. O-O Bc5 6. c3 b5 7. Bb3 d6 8. a4 Rb8 9. d4 Bb6 10. a5 {[%emt 0:00:48] C78: Ruy Lopez: Archangelsk and Möller Defences.} Ba7 (10... Nxa5 11. Rxa5 Bxa5 12. dxe5) (10... Bxa5 $2 11. d5 $18) 11. h3 Bb7 12. Re1 {[%emt 0:01:17] The position is equal.} O-O 13. Be3 exd4 (13... Nxe4 14. d5 $16) 14. cxd4 {[%emt 0:00:17] Strongly threatening d5.} Nb4 (14... Nxe4 $2 15. d5 $16) 15. Nc3 Bxe4 ({Don't do} 15... Nxe4 16. Nxe4 Bxe4 17. Bd2 Bxf3 18. Qxf3 $16) 16. Nxe4 (16. Bg5 $5 Bg6 17. Nh4 $11) 16... Nxe4 17. d5 Bc5 18. Bd4 Re8 19. Re3 Qd7 {[%emt 0:07:37] [#]} 20. Rc1 $146 ({White should play} 20. Qe1 $15 Nf6 21. Bxf6 gxf6 22. Nd4) ({Predecessor:} 20. Qe1 Nf6 21. Qd2 Rxe3 22. Bxe3 Ne4 23. Qd1 Bxe3 24. fxe3 Nc5 25. Ra3 Qe7 26. Qd2 {0-1 (33) Kevlishvili,R (2451)-Firouzja,A (2669) Reykjavik 2019}) 20... Re7 $17 21. Qe2 Rbe8 22. Re1 Kf8 23. Bc2 (23. Qd1 $17) 23... f5 {[%emt 0:02:30] Active counter play!} 24. Bxe4 Rxe4 25. Bxc5 dxc5 26. Ng5 Rxe3 27. fxe3 Kg8 ({Weaker is} 27... Qxd5 28. Rd1 Qb3 29. Nxh7+ Kg8 30. Qh5 $17) 28. Ne6 Nxd5 ({But not} 28... Qxd5 29. Nxc7 Qf7 30. Nxe8 Qxe8 31. Qd2 $16) 29. Nxc5 Qc6 30. Qc2 $2 (30. Rc1) 30... Nxe3 $19 31. Qb3+ Kf8 {[%emt 0:00:48][%csl Ge3][%cal Rc6g2] [#]} 32. Rxe3 Qxc5 33. Qa3 b4 {[%emt 0:00:06] Weighted Error Value: White=0.77/Black=0.16 (very precise)} 0-1

[Event "USA Championship 2022"]
[Site "Saint Louis"]
[Date "2022.10.19"]
[Round "13.4"]
[White "Dominguez Perez, Leinier"]
[Black "Shankland, Sam"]
[Result "1/2-1/2"]
[WhiteElo "2747"]
[BlackElo "2712"]
[Annotator "TA"]
[PlyCount "19"]
[EventDate "2022.09.05"]
[EventType "tourn"]
[EventCountry "USA"]
[SourceTitle "playchess.com"]
[Source "ChessBase"]
[SourceQuality "1"]
[TimeControl "40/5400+30:1800+30"]

1. e4 c5 2. Nf3 d6 3. d4 cxd4 4. Nxd4 Nf6 5. Nc3 a6 6. Be3 Ng4 7. Bc1 Nf6 8. Be3 Ng4 {[%emt 0:00:13] [#]} 9. Bc1 $146 ({Predecessor:} 9. Bg5 h6 10. Bh4 g5 11. Bg3 Bg7 12. h3 Ne5 13. Nf5 Bxf5 14. exf5 Nbc6 15. Nd5 e6 16. fxe6 fxe6 17. Ne3 Qa5+ 18. c3 Nf3+ 19. gxf3 Bxc3+ 20. bxc3 Qxc3+ 21. Qd2 Qxa1+ {½-½ (55) Dominguez Perez,L (2745)-Firouzja,A (2778) Saint Louis 2022}) 9... Nf6 10. Be3 {[%emt 0:00:48] 10.Qd2 is setting a new trend.} 1/2-1/2

[Event "USA Championship 2022"]
[Site "Saint Louis"]
[Date "2022.10.19"]
[Round "13.5"]
[White "Niemann, Hans Moke"]
[Black "Liang, Awonder"]
[Result "1/2-1/2"]
[ECO "C00"]
[WhiteElo "2699"]
[BlackElo "2608"]
[Annotator "TA"]
[PlyCount "131"]
[EventDate "2022.09.05"]
[EventType "tourn"]
[EventCountry "USA"]
[SourceTitle "playchess.com"]
[Source "ChessBase"]
[SourceQuality "1"]
[TimeControl "40/5400+30:1800+30"]

1. e4 e6 2. Qe2 c5 3. Nf3 Nc6 4. g3 e5 5. Bg2 g6 6. O-O {[%emt 0:05:26] C00: French: Unusual White 2nd moves.} Bg7 7. c3 Nge7 8. Na3 {[%emt 0:02:56][%cal Od2d4] 8.a3 is the modern continuation.} O-O 9. Nc2 d5 10. d3 h6 {[%emt 0:03:52] [#]} 11. a3 $146 ({Predecessor:} 11. b4 cxb4 12. cxb4 a6 13. Bb2 d4 14. Nd2 Re8 15. a4 Be6 16. f4 exf4 17. gxf4 {0-1 (71) King,D (2530)-Nunn,J (2610) Bunratty 1998}) 11... d4 12. c4 a5 13. Rb1 a4 14. Nd2 Be6 15. f4 Qd7 16. Ne1 Qc7 17. Ndf3 f6 18. Nh4 g5 (18... exf4 $17 19. gxf4 g5) 19. Nf5 $11 Nxf5 20. exf5 Bxf5 21. fxg5 fxg5 22. Bxg5 Bg6 (22... hxg5 23. Bd5+ Kh7 24. Rxf5 $1 Rxf5 25. Be4 $16) 23. Rxf8+ Rxf8 24. Bd2 Qe7 (24... Qb6 $11) 25. Nf3 {[%emt 0:06:12] [#]} (25. Bd5+ $14 Bf7 26. Be4) 25... e4 ({Better is} 25... Bxd3 $1 $15 26. Qxd3 e4) 26. Nh4 Bh7 27. dxe4 Qe6 28. Qh5 Qf7 (28... Qxc4 29. Bxh6 Qf7 30. Qg5 $16) (28... Bxe4 $2 29. Re1 Qe5 30. Qxe5 Nxe5 31. Bxe4 $18) 29. Qd5 (29. Qxf7+ $1 $14 Rxf7 30. Nf5) 29... Ne5 30. Bf4 Nxc4 (30... Qxd5 $11 31. cxd5 Nd3) 31. Qxc5 $16 {[%emt 0:00:27] Strongly threatening Rf1.} b6 {[%emt 0:00:27] [#]} (31... d3 $14) 32. Qb5 (32. Qc6 $1 $16) 32... Ne3 $11 {[%emt 0:00:08] Inhibits Rf1.} 33. Re1 (33. Bf3 {with more complications.} Qe6 34. Re1 Bxe4 35. Bxe4 Qxe4 36. Qxa4 Rxf4 37. gxf4 Bf6 38. Qc4+) 33... Qb3 34. Qxb3+ axb3 35. e5 (35. Bxe3 dxe3 36. Nf3 (36. Rxe3 $2 Bd4 $19) (36. e5 $2 Bxe5 37. Bd5+ Kg7 $19) 36... Bxe4 37. Rxe3 Bc2 $17) 35... Nxg2 36. Kxg2 Rc8 $1 {[%emt 0:00:01] White must now prevent ...Rc2+.} 37. Re2 (37. Kf3 $1 $11) 37... d3 38. Rd2 Rc2 39. Nf3 Be4 {[%emt 0:00:04] The position is equal.} 40. Kf2 $1 Bxf3 41. Kxf3 ({Wrong is} 41. Rxc2 $2 bxc2 42. Kxf3 {[#]} Bxe5 $1 43. Bxh6 Bxb2 $19) 41... Bxe5 42. Rxd3 Bxf4 43. Kxf4 Rxb2 {[%emt 0:00:04][%mdl 4096] Endgame KR-KR} 44. h4 Rb1 ({Don't play} 44... Rf2+ 45. Kg4 $14) 45. Kg4 b2 {[%emt 0:00:00] ( -> ...Rf1)} 46. Rb3 Ra1 47. Rxb2 Rxa3 48. Rxb6 h5+ 49. Kf4 {[%emt 0:00:00] aiming for Rb5.} Kg7 50. Re6 Ra4+ 51. Re4 Ra5 52. Re5 Ra4+ 53. Re4 Ra5 54. Re5 Ra4+ 55. Kg5 Rg4+ 56. Kxh5 Rxg3 57. Rg5+ Rxg5+ 58. hxg5 {[%emt 0:00:00] KP-K} Kh7 59. g6+ Kg7 60. Kg5 Kg8 61. Kf6 {[%emt 0:00:00] Intending g7 and mate.} Kf8 62. Kf5 {[%emt 0:00:00] White threatens Kf6 and mate.} Kg7 63. Kg5 Kg8 64. Kh6 Kh8 65. g7+ Kg8 66. Kg6 {[%emt 0:00:00] Weighted Error Value: White=0.14 (very precise) /Black=0.13 (very precise)} 1/2-1/2